Map: New Gettysburg LE

Players

PtitDrogo - Winner!

  • Race: Protoss Protoss

Polt

  • Race: Terran Terran

Event: 2016 WCS Summer Circuit Championship (DH Montreal)

VOD

https://www.youtube.com/watch?v=qqnVXBlbo2g

Description

Time

  • Played on: Aug. 13, 2016, 7:14 p.m.
  • Length: 9:28

All games in this series

Show
View Real Time Build Order
Export as new Build Order

PtitDrogo Protoss - Winner!

Build Orders: 1 Gate Expand 

Get SALT Encoding   

  12  0:01  Probe (Chrono Boost)  
  13  0:11  Probe (Chrono Boost)  
  14  0:18  Pylon  
  14  0:22  Probe (Chrono Boost)  
  15  0:36  Probe (Chrono Boost), Gateway  
  15  0:42  Assimilator  
  16  0:47  Probe (Chrono Boost)  
  17  0:57  Probe (Chrono Boost)  
  18  1:08  Probe (Chrono Boost)  
  19  1:20  Nexus  
  19  1:24  Probe (Chrono Boost)  
  20  1:33  Cybernetics Core  
  20  1:37  Probe (Chrono Boost)  
  21  1:41  Assimilator  
  21  1:47  Probe (Chrono Boost)  
  21  1:51  Pylon  
  22  1:58  Probe (Chrono Boost)  
  23  2:10  Adept, Mothership Core (Chrono Boost)  
  23  2:15  Warp Gate  
  27  2:28  Probe (Chrono Boost)  
  28  2:32  Probe (Chrono Boost)  
  29  2:39  Probe (Chrono Boost)  
  29  2:42  Robotics Facility  
  29  2:43  Probe (Chrono Boost)  
  31  2:49  Probe (Chrono Boost)  
  32  2:53  Probe (Chrono Boost)  
  32  2:55  Twilight Council  
  33  3:00  Probe (Chrono Boost)  
  33  3:04  Probe (Chrono Boost)  
  35  3:05  Adept  
  35  3:10  Probe (Chrono Boost)  
  38  3:14  Probe (Chrono Boost)  
  38  3:18  Pylon  
  39  3:20  Resonating Glaives  
  39  3:21  Probe (Chrono Boost)  
  39  3:25  Probe (Chrono Boost)  
  41  3:30  Observer  
  41  3:33  Probe (Chrono Boost)  
  43  3:43  Gateway  
  43  3:44  Gateway  
  43  3:50  Gateway  
  43  3:51  Warp Prism, Gateway  
  43  4:02  Gateway  
  45  4:13  Gateway  
  45  4:14  Pylon  
  45  4:22  Adept  
  47  4:27  Pylon  
  47  4:30  Pylon  
  47  4:45  Adept x5  
  57  5:08  Adept x6  
  57  5:09  Adept  
  72  5:21  Probe (Chrono Boost)  
  72  5:27  Probe (Chrono Boost)  
  73  5:30  Adept x2  
  75  5:39  Probe (Chrono Boost), Pylon  
  75  5:40  Pylon  
  75  5:43  Adept  
  75  5:44  Probe (Chrono Boost)  
  78  5:51  Probe (Chrono Boost)  
  78  5:56  Probe (Chrono Boost)  
  75  5:57  Blink  
  75  6:03  Probe (Chrono Boost)  
  74  6:08  Probe (Chrono Boost)  
  65  6:13  Assimilator  
  65  6:15  Probe (Chrono Boost), Assimilator  
  60  6:20  Probe (Chrono Boost)  
  60  6:25  Adept x7  
  66  6:26  Warp Prism  
  66  6:27  Probe (Chrono Boost)  
  66  6:32  Probe (Chrono Boost)  
  67  6:38  Pylon  
  67  6:42  Pylon  
  67  6:45  Stalker x2  
  67  6:46  Stalker x2  
  75  6:51  Stalker  
  77  6:57  Stalker x2  
  81  7:23  Nexus  
  81  7:26  Sentry x2, Pylon  
  81  7:27  Adept x3  
  93  7:31  Probe x2 (Chrono Boost)  
  92  7:43  Probe (Chrono Boost), Pylon  
  93  7:45  Stalker x2  
  93  7:48  Stalker  
  93  7:49  Probe (Chrono Boost)  
  93  7:50  Stalker  
  102  7:51  Observer  
  102  7:55  Adept  
  105  8:12  Probe x2 (Chrono Boost)  
  107  8:13  Stalker x4  
  107  8:33  Adept x3  
  107  8:38  Probe (Chrono Boost)  
  109  8:42  Probe (Chrono Boost)  
  109  8:48  Adept x4, Mothership Core (Chrono Boost)  
  120  8:50  Probe (Chrono Boost)  
  120  8:52  Pylon  
  120  9:00  Probe (Chrono Boost)  
  121  9:02  Pylon  
  121  9:12  Adept x6  
Show
View Real Time Build Order
Export as new Build Order

Polt Terran 

Build Orders: Reaper Expand, MMM Bio 

Get SALT Encoding   

  12  0:00  SCV  
  13  0:12  SCV  
  14  0:17  Supply Depot  
  14  0:25  SCV  
  15  0:39  SCV  
  15  0:41  Barracks  
  16  0:46  Refinery  
  16  0:51  SCV  
  17  1:03  SCV  
  18  1:15  SCV  
  19  1:28  Orbital Command  
  19  1:29  Reaper  
  20  1:41  Command Center  
  20  1:52  Supply Depot  
  20  1:54  SCV  
  21  2:01  Barracks Reactor  
  21  2:06  SCV  
  22  2:10  Barracks  
  22  2:18  SCV  
  23  2:28  Factory  
  23  2:30  SCV  
  23  2:31  Refinery  
  24  2:38  Marine x2  
  24  2:42  SCV  
  27  2:53  Orbital Command  
  27  2:54  SCV  
  28  2:59  Marine x2  
  30  3:06  SCV  
  30  3:12  Barracks Tech Lab, Starport  
  31  3:13  Widow Mine  
  31  3:18  SCV  
  35  3:20  SCV  
  35  3:22  Marine x2  
  37  3:30  SCV, Stimpack  
  37  3:32  SCV  
  39  3:35  Supply Depot  
  39  3:43  Marine x3, SCV  
  39  3:44  SCV  
  44  3:49  Medivac  
  44  3:55  Supply Depot  
  46  3:57  Factory Reactor, SCV x2  
  46  4:02  Supply Depot  
  48  4:10  Marine x3  
  48  4:11  Engineering Bay  
  48  4:12  SCV  
  48  4:14  SCV  
  53  4:25  Supply Depot, SCV  
  53  4:26  SCV  
  53  4:30  Barracks  
  55  4:31  Liberator, Marine x3  
  58  4:41  Bunker  
  58  4:45  Bunker  
  58  4:46  Medivac  
  58  4:52  SCV x2  
  65  4:55  Marine x3  
  68  5:00  Refinery  
  68  5:03  Supply Depot  
  68  5:05  Missile Turret  
  68  5:07  Missile Turret  
  68  5:09  Refinery  
  67  5:17  Marine  
  67  5:18  Marine x2, Marauder  
  56  5:54  Orbital Command  
  49  6:10  SCV  
  38  6:21  SCV  
  38  6:22  SCV  
  38  6:33  Marine x3, Marauder  
  38  6:37  SCV x2  
  45  6:45  Medivac  
  47  6:49  Medivac, SCV x2  
  51  7:01  SCV x2  
  53  7:11  Combat Shields  
  53  7:13  SCV  
  54  7:22  Liberator  
  53  7:23  SCV  
  53  7:24  Marine x4  
  53  7:25  SCV  
  59  7:38  SCV x2  
  64  7:44  Liberator  
  64  7:49  Marine  
  64  7:50  Marine x2, Marauder  
  69  7:54  SCV x2  
  74  8:06  SCV  
  74  8:08  SCV  
  71  8:24  Marine x3, Marauder  
  67  8:32  SCV  
  67  8:33  SCV  
  55  8:45  SCV x2  
  63  8:57  SCV x2  
  63  8:59  Marine x3  
  63  9:00  Marauder  
  63  9:01  Factory Reactor  
  70  9:09  SCV x2  
Tags
 
Add a new tag
Caveats
  • Supply blocks, unpowered buildings, or Contaminate may cause inaccurate times.
  • Supply counts are checked every 10 seconds.